Workbook

Sheet Worksheet
A1: Pinoy Akawntant
A2: Worksheet
A3: For the Year Ended December 31, 2024
D5: Trial Balance | G5: Adjusting Entries | L5: Adjusted Trial Balance | O5: Income Statement | R5: Balance Sheet
A6: Account Titles | B6: Account Type | D6: Debit | E6: Credit | H6: Debit | J6: Credit | L6: Debit | M6: Credit | O6: Debit | P6: Credit | R6: Debit | S6: Credit
A7: Cash | B7: Current Asset | D7: 130850 | L7: =D7+H7-J7 -> 130850 | R7: =L7 -> 130850
A8: Accounts Receivable | B8: Current Asset | D8: =10000+18607 -> 28607 | L8: =D8+H8-J8 -> 28607 | R8: =L8 -> 28607
A9: Merchandise Inventory | B9: Current Asset | D9: 102150 | L9: =D9+H9-J9 -> 102150 | R9: =L9 -> 102150
A10: Prepaid Rent | B10: Current Asset | D10: 40000 | I10: c. | J10: ='General Journal - Adj Entries'!K24 -> 40000 | L10: =D10+H10-J10 -> 0 | R10: =L10 -> 0
A11: Creditable Withholding Tax | B11: Current Asset | D11: 2558 | L11: =D11+H11-J11 -> 2558 | R11: =L11 -> 2558
A12: Office Equipment | B12: Non-Current Asset | D12: 100000 | L12: =D12+H12-J12 -> 100000 | R12: =L12 -> 100000
A13: Accumulated Depreciation - Office Equipment | B13: Non-Current Asset | E13: 0 | I13: a. | J13: ='General Journal - Adj Entries'!K8 -> 20000 | M13: =E13+J13-H13 -> 20000 | S13: =M13 -> 20000
A14: Withholding Tax Payable (Expanded) | B14: Current Liability | E14: 1000 | M14: =E14+J14-H14 -> 1000 | S14: =M14 -> 1000
A15: Accounts Payable | B15: Current Liability | E15: 15708 | M15: =E15+J15-H15 -> 15708 | S15: =M15 -> 15708
A16: Income Tax Payable | B16: Current Liability | E16: 0 | M16: =E16+J16-H16 -> 0 | S16: =M16 -> 0
A17: Percentage Tax Payable | B17: Current Liability | E17: 0 | I17: b. | J17: ='General Journal - Adj Entries'!K16 -> 15675 | M17: =E17+J17-H17 -> 15675 | S17: =M17 -> 15675
A18: Owner's Capital | B18: Equity | E18: 240000 | M18: =E18+J18-H18 -> 240000 | S18: =M18 -> 240000
A19: Owner's Withdrawals | B19: Equity | E19: 0 | M19: =E19+J19-H19 -> 0
A20: Sales Revenue | B20: Income | E20: 2195000 | M20: =E20+J20-H20 -> 2195000 | P20: =M20 -> 2195000
A21: Sales Returns, Allowances & Discounts | B21: Income | D21: 109750 | L21: =D21+H21-J21 -> 109750 | O21: =L21 -> 109750
A22: Cost of Goods Sold | B22: Expenses | D22: 1097500 | L22: =D22+H22-J22 -> 1097500 | O22: =L22 -> 1097500
A23: Depreciation Expense | B23: Expenses | D23: 0 | G23: a. | H23: ='General Journal - Adj Entries'!I7 -> 20000 | L23: =D23+H23-J23 -> 20000 | O23: =L23 -> 20000
A24: Rental | B24: Expenses | D24: 200000 | G24: c. | H24: 40000 | L24: =D24+H24-J24 -> 240000 | O24: =L24 -> 240000
A25: Salaries, Wages and Allowances | B25: Expenses | D25: 180000 | L25: =D25+H25-J25 -> 180000 | O25: =L25 -> 180000
A26: SSS, GSIS, Philhealth, HDMF and other Contributions | B26: Expenses | D26: 41393 | L26: =D26+H26-J26 -> 41393 | O26: =L26 -> 41393
A27: Taxes & Licenses | B27: Expenses | D27: 20000 | G27: b. | H27: ='General Journal - Adj Entries'!I15 -> 15675 | L27: =D27+H27-J27 -> 35675 | O27: =L27 -> 35675
A28: Transportation and Travel | B28: Expenses | D28: 100000 | L28: =D28+H28-J28 -> 100000 | O28: =L28 -> 100000
A29: Professional Fees | B29: Expenses | D29: 60000 | L29: =D29+H29-J29 -> 60000 | O29: =L29 -> 60000
A30: Platform Fees & Charges | B30: Expenses | D30: 43900 | L30: =D30+H30-J30 -> 43900 | O30: =L30 -> 43900
A31: Utilities | B31: Expenses | D31: 132000 | L31: =D31+H31-J31 -> 132000 | O31: =L31 -> 132000
A32: Office Supplies | B32: Expenses | D32: 3000 | L32: =D32+H32-J32 -> 3000 | O32: =L32 -> 3000
A33: Advertising | B33: Expenses | D33: 10000 | L33: =D33+H33-J33 -> 10000 | O33: =L33 -> 10000
A34: Repairs & Maintenance | B34: Expenses | D34: 50000 | L34: =D34+H34-J34 -> 50000 | O34: =L34 -> 50000
A35: Total Balance | D35: =SUM(D7:D34) -> 2451708 | E35: =SUM(E7:E34) -> 2451708 | H35: =SUM(H7:H34) -> 75675 | J35: =SUM(J7:J34) -> 75675 | L35: =SUM(L7:L34) -> 2487383 | M35: =SUM(M7:M34) -> 2487383 | O35: =SUM(O7:O34) -> 2123218 | P35: =SUM(P7:P34) -> 2195000 | R35: =SUM(R7:R34) -> 364165 | S35: =SUM(S7:S34) -> 292383
A36: Profit | O36: =P35-O35 -> 71782 | S36: =R35-S35 -> 71782
O37: =SUM(O35:O36) -> 2195000 | P37: =SUM(P35:P36) -> 2195000 | R37: =SUM(R35:R36) -> 364165 | S37: =SUM(S35:S36) -> 364165

Sheet General Journal - Adj Entries
C1: PINOY AKAWNTANT
C2: GENERAL JOURNAL
C4: DATE | E4: ACCOUNT TITLE / DESCRIPTION | G4: PR | I4: DEBIT | K4: CREDIT
C6: 2025
C7: Dec | D7: 31 | E7: Depreciation Expense | I7: 20000
E8: Accumulated Depreciation - Office Equipment | K8: 20000
E9: To record depreciation of office equipment
E11: Office Equipment cost P100,000
E12: Divided by Estimated Useuful life = 5 years
E13: Annual Depreciation = P20,000
C15: Dec | D15: 31 | E15: Taxes and Licenses | I15: 15675
E16: Percentage Tax Payable | K16: 15675
E17: To record 4th quarter percentage tax payable
E19: 4th quarter net sales = P522,500
E20: Percentage Tax Rate = 3%
E21: Percentage Tax Due = P15,675
C23: Dec | D23: 31 | E23: Rent Expense | I23: 40000
E24: Prepaid rent | K24: 40000
E25: To record used portion of the prepaid rent for 2 months
E27: Advance rental = P20,000
E28: no. of months = 2 months
E29: Prepaid rent used = P40,000
E33: Other Example
C34: Dec | D34: 31 | E34: Cost of Goods Sold | I34: =I44 -> 1097500
E35: Merchandise Inventory | K35: =I44 -> 1097500
E36: To record Cost of Goods Sold for the period
E38: Inventory, Beginning | I38: 0
E39: Add: Purchases | I39: 1200000
E40: Less: Purchase Returns, Allowances, Discounts | I40: 0
E41: Add: Freight-In | I41: 0
E42: Goods Available for Sale | I42: 1200000
E43: Less: Inventory, Ending | I43: 102500
E44: Cost of Good Sold | I44: 1097500
C46: Dec | D46: 31 | E46: Income Tax Expense | I46: 0
E47: Income Tax Payable | K47: 0
E48: To record income tax expense

Sheet Income Statement
A1: Pinoy Akawntant
A2: Income Statement (Statement of Financial Performance)
A3: For the year ended December 31, 2024
A5: Gross Sales/Revenues | C5: =Worksheet!P20 -> 2195000
A6: Less: Sales Returns, Allowances and Discounts | C6: =Worksheet!O21 -> 109750
A7: Net Sales | C7: =C5-C6 -> 2085250
A8: Less: Cost of Goods Sold | C8: =Worksheet!O22 -> 1097500
A9: GROSS INCOME | C9: =C7-C8 -> 987750
A11: LESS: OPERATING EXPENSES
A12: Depreciation | B12: =Worksheet!O23 -> 20000
A13: Rental | B13: =Worksheet!O24 -> 240000
A14: Salaries, Wages and Allowances | B14: =Worksheet!O25 -> 180000
A15: SSS, GSIS, Philhealth, HDMF and other Contributions | B15: =Worksheet!O26 -> 41393
A16: Taxes & Licenses | B16: =Worksheet!O27 -> 35675
A17: Transportation and Travel | B17: =Worksheet!O28 -> 100000
A18: Professional Fees | B18: =Worksheet!O29 -> 60000
A19: Other Expenses | B19: =SUM(Worksheet!O30:O34) -> 238900 | C19: =SUM(B12:B19) -> 915968
A20: INCOME (LOSS) BEFORE INCOME TAX | C20: =C9-C19 -> 71782
A22: PROVISION FOR INCOME TAX | C22: 0
A23: NET INCOME (LOSS) | C23: =C20-C22 -> 71782
A28: GRADUATED TAX TABLE
A29: Taxable income (PHP) | C29: Tax on column 1 (PHP) | D29: Tax on excess (%)
A30: Over | B30: Not over
A31: 0 | B31: 250000 | C31: - | D31: 0
A32: 250000 | B32: 400000 | C32: - | D32: 15
A33: 400000 | B33: 800000 | C33: 22500 | D33: 20
A34: 800000 | B34: 2000000 | C34: 102500 | D34: 25
A35: 2000000 | B35: 8000000 | C35: 402500 | D35: 30
A36: 8000000 | C36: 2202500 | D36: 35
A41: COST OF GOODS SOLD
A42: Inventory, Beginning | B42: 0
A43: Add: Purchases | B43: 1200000
A44: Less: Purchase Returns, Allowances, Discounts | B44: 0
A45: Add: Freight-In | B45: 0
A46: Goods Available for Sale | B46: =SUM(B42:B45) -> 1200000
A47: Less: Inventory, Ending | B47: 102500
A48: Cost of Good Sold | B48: =B46-B47 -> 1097500

Sheet Changes in Owner's Equity
A1: PINOY AKAWNTANT
A2: STATEMENT OF CHANGES IN OWNER'S EQUITY
A3: As of December 31, 2024
A5: Owner's Capital, Beginning | B5: 0
A6: Add: Owner's investment | B6: 240000
A7: Less: Withdrawals | B7: 0
A8: Total Owner's Capital | B8: =B5+B6-B7 -> 240000
A9: Add: Net Income | B9: ='Income Statement'!C23 -> 71782
A10: Owner's Capital, Ending | B10: =B8+B9 -> 311782

Sheet Balance Sheet
A1: Pinoy Akawntant
A2: Balance Sheet (Statement of Financial Position)
A3: As of December 31, 2024
A5: ASSETS
A7: Current Assets
A8: =Worksheet!A7 -> Cash | B8: =Worksheet!R7 -> 130850
A9: =Worksheet!A8 -> Accounts Receivable | B9: =Worksheet!R8 -> 28607
A10: =Worksheet!A9 -> Merchandise Inventory | B10: =Worksheet!R9 -> 102150
A12: =Worksheet!A11 -> Creditable Withholding Tax | B12: =Worksheet!R11 -> 2558
A13: Total Current Assets | B13: =SUM(B8:B12) -> 264165
A15: Non-Current Assets
A16: =Worksheet!A12 -> Office Equipment | B16: =Worksheet!R12 -> 100000
A17: =Worksheet!A13 -> Accumulated Depreciation - Office Equipment | B17: =-Worksheet!S13 -> -20000
A18: Total Non-Current Assets | B18: =SUM(B16:B17) -> 80000
A21: TOTAL ASSETS | B21: =B13+B18 -> 344165
A24: Liabilities & Owner's Equity
A26: Current Liabilities
A27: =Worksheet!A14 -> Withholding Tax Payable (Expanded) | B27: =Worksheet!S14 -> 1000
A28: =Worksheet!A15 -> Accounts Payable | B28: =Worksheet!S15 -> 15708
A30: =Worksheet!A17 -> Percentage Tax Payable | B30: =Worksheet!S17 -> 15675
A31: Total Current Liabilities | B31: =SUM(B27:B30) -> 32383
A33: Total Non-Current Liabilities | B33: 0
A35: Total Liabilities | B35: =B33+B31 -> 32383
A37: Equity
A38: Owner's Equity | B38: ='Changes in Owner''s Equity'!B10 -> 311782
A39: Total Equity | B39: =Worksheet!S18+Worksheet!O36 -> 311782
A41: TOTAL LIABILITIES AND EQUITY | B41: =B39+B35 -> 344165

Sheet Cash Flow
A1: Pinoy Akawntant
A2: Cash Flow Statement
A3: For the year ended December 31, 2024
A5: CASH FLOWS FROM OPERATING ACTIVITIES
A7: Collection from Sales/Revenues | B7: =ROUND(#REF!,0) -> #REF!
A8: Payment for Merchandise Inventory | B8: =-#REF! -> #REF!
A9: Payment for Operating Expenses | B9: =-SUM(Worksheet!D24:D34) -> -840293
A10: Net Cash Used in Operating Activities | B10: =SUM(B7:B9) -> #REF!
A12: CASH FLOWS FROM INVESTING ACTIVITIES
A14: Payment for Office Equipment | B14: -100000
A15: Net Cash Used in Investing Activities | B15: =SUM(B14:B14) -> -100000
A17: CASH FLOWS FROM FINANCING ACTIVITIES
A19: Owner's Capital | B19: 240000
A20: Net Cash Provided by Financing Activities | B20: =SUM(B19:B19) -> 240000
A22: NET INCREASE (DECREASE) IN CASH | B22: =B20+B15+B10 -> #REF!
A24: CASH AT BEGINNING OF YEAR | B24: 0
A26: CASH AT END OF YEAR | B26: =B22+B24 -> #REF!
